 Dungeon Crawl Stone Soup version 0.27-a0-385-g3208abaabc (webtiles) character file.

Game seed: 147213611704806024

35359 kae the Grappler (level 13, -6/111 HPs)
             Began as a Green Draconian Transmuter on Feb 18, 2021.
             Was a Believer of Ru.
             Mangled by a black mamba (9 damage)
             ... on level 6 of the Lair of Beasts.
             The game lasted 00:19:41 (25536 turns).

kae the Grappler (Green Draconian Transmuter)      Turns: 25536, Time: 00:19:42

Health: -6/111     AC: 11    Str: 18    XL:     13   Next: 47%
Magic:  25/25      EV: 19    Int: 14    God:    Ru [**....]
Gold:   1037       SH:  0    Dex: 11    Spells: 15/28 levels left

rFire    . . .     SeeInvis +     - Unarmed
rCold    . . .     Faith    .   (no shield)
rNeg     . . .     Spirit   .   (armour unavailable)
rPois    +         Reflect  .   (helmet restricted)
rElec    .         Harm     .   o - +0 cloak
rCorr    .         Rampage  .   (no gloves)
Will     .....                  h - +1 pair of boots
Stlth    ..........             (no amulet)
HPRegen  0.28/turn              j - +4 ring of evasion
MPRegen  0.19/turn              l - ring of see invisible

@: studying Staves
A: breathe noxious fumes, unfitting armour, poison resistance, cold-blooded, no
stealth, hated by all, AC +8
a: Breathe Noxious Fumes, Renounce Religion


You were on level 6 of the Lair of Beasts.
You worshipped Ru.
Ru was pleased with you.
You visited 3 branches of the dungeon, and saw 18 of its levels.
You also visited: Ossuary.

You collected 1037 gold pieces.

Inventory:

Armour
 h - a +1 pair of boots (worn)
 o - a +0 cloak (worn)
Jewellery
 c - an amulet of magic regeneration
 j - a +4 ring of evasion (left hand)
 k - a +4 ring of evasion
 l - a ring of see invisible (right hand)
 u - the amulet of the Four Winds {rN+ Will+++ Clar}
   (You found it on level 7 of the Dungeon)

   [amulet of nothing]

   It protects you from negative energy.
   It affects your willpower, your defense against some magical effects.
   It protects you against confusion.
 x - a ring of willpower
 F - a ring of flight
 H - an amulet of regeneration
Wands
 p - a wand of random effects (91)
 t - a wand of digging (3)
 A - a wand of paralysis (9)
 K - a wand of iceblast (11)
Scrolls
 n - 3 scrolls of teleportation
 q - a scroll of blinking
 r - 3 scrolls of fog
 v - 4 scrolls of enchant weapon
 y - 5 scrolls of enchant armour
 B - 2 scrolls of amnesia
 D - 5 scrolls of identify
 I - a scroll of magic mapping
Potions
 a - 4 potions of lignification
 b - 4 potions of mutation
 d - 10 potions of curing
 e - 6 potions of brilliance
 f - 3 potions of might
 g - 5 potions of berserk rage
 i - 3 potions of flight
 m - 3 potions of magic
 s - 2 potions of haste
 w - 3 potions of degeneration
 z - 2 potions of resistance
 C - 2 potions of invisibility
 E - a potion of ambrosia
 J - a potion of attraction {unknown}


   Skills:
 + Level 9.6 Fighting
 + Level 8.3 Dodging
 * Level 12.4 Unarmed Combat
 + Level 8.3 Spellcasting
 * Level 12.0 Transmutations
 - Level 5.0 Ice Magic
 - Level 2.4 Poison Magic


You had 15 spell levels left.
You knew the following spells:

 Your Spells              Type           Power        Failure   Level
a - Beastly Appendage     Tmut           78%          1%          1
b - Spider Form           Tmut/Pois      13%          1%          3
c - Ice Form              Ice/Tmut       29%          3%          4
d - Blade Hands           Tmut           19%          2%          5

Your spell library contained the following spells:

 Spells                   Type           Power        Failure   Level
 Wereblood                Tmut           39%          1%          2
 Petrify                  Tmut/Erth      22%          11%         4
 Apportation              Tloc           10%          12%         1
 Corona                   Hex            5%           12%         1
 Magic Dart               Conj           20%          12%         1
 Blink                    Tloc           N/A          19%         2
 Searing Ray              Conj           10%          19%         2
 Slow                     Hex            5%           19%         2
 Alistair's Intoxication  Tmut/Pois      17%          19%         5
 Mephitic Cloud           Conj/Pois/Air  8%           26%         3
 Yara's Violent Unravell  Hex/Tmut       11%          28%         5
 Confusing Touch          Hex            5%           36%         3
 Conjure Flame            Conj/Fire      5%           36%         3
 Dazzling Flash           Conj/Hex       10%          36%         3
 Gell's Gravitas          Tloc           2%           36%         3
 Lesser Beckoning         Tloc           2%           36%         3
 Fulminant Prism          Conj/Hex       2%           77%         4
 Iskenderun's Mystic Bla  Conj/Tloc      5%           77%         4
 Metabolic Englaciation   Hex/Ice        6%           77%         5
 Bolt of Magma            Conj/Fire/Erth 2%           98%         5
 Iskenderun's Battlesphe  Conj           5%           98%         5
 Invisibility             Hex            5%           100%        6
 Iron Shot                Conj/Erth      2%           100%        6
 Orb of Destruction       Conj           2%           100%        7
 Animate Skeleton         Necr           Unusable     N/A         1
 Summon Small Mammal      Summ           Unusable     N/A         1
 Call Imp                 Summ           Unusable     N/A         2
 Tukima's Dance           Hex            Unusable     N/A         3
 Spellforged Servitor     Conj/Summ      Unusable     N/A         7

Dungeon Overview and Level Annotations

Branches:
Dungeon (11/15)            Temple (1/1) D:6            Lair (6/6) D:9
 Shoals (0/4) Lair:2       Spider (0/4) Lair:2        Slime (0/5) Lair:6
Ossuary (visited)
    Orc: D:9-12

Altars:
Ashenzari
Cheibriados
Dithmenos
Elyvilon
Fedhas
Gozag
Hepliaklqana
Kikubaaqudgha
Makhleb
Nemelex Xobeh
Okawaru
Qazlal
Ru
Sif Muna
Trog
Uskayaw
Vehumet
Wu Jian
Xom
Yredelemnul
Zin
The Shining One
Jiyva

Annotations:
D:3 3 runed translucent doors, Inkie's ghost, weakling GnWn
D:4 1 runed translucent door, PeterLawrence's ghost, amateur MiFi
D:8 exclusion: statue
D:9 1 runed translucent door
Lair:1 exclusion: hydra
Lair:2 exclusion: oklob plant
Lair:5 1 runed translucent door, exclusion: oklob plant, Seod's ghost, journeyman FoAK


Innate Abilities, Weirdness & Mutations

You can breathe blasts of noxious fumes.
Your lurid green scales are hard. (AC +8)
You cannot fit into any form of body armour.
Your system is resistant to poisons. (rPois)
You are cold-blooded and may be slowed by cold attacks.
You cannot be stealthy.
You are hated by all.


Message History

The yak completely misses you. The death yak gores you.
* * * LOW HITPOINT WARNING * * *
The yak closely misses you.
You slice the yak!!
You kill the yak!
You have got your breath back.
The yak barely misses you. The death yak closely misses you.
As you read the scroll of fear, it crumbles to dust.
You assume a fearsome visage.
The yak looks frightened! x2
The death yak looks frightened!
The death yak resists with almost no effort.
The death yak completely misses you. The death yak completely misses you.
The yak closely misses you.
Things that are here:
a death yak corpse; a death yak corpse Your hands revert to their normal proportions.
The yak seems less confused.
The death yak gores you!
* * * LOW HITPOINT WARNING * * *
The death yak barely misses you.
A black mamba comes into view.
You hit the black mamba but do no damage.
Your punch misses the black mamba. The black mamba bites you.
* * * LOW HITPOINT WARNING * * *
You focus your inner power and illuminate the black mamba in retribution!
The black mamba bites you!
* * * LOW HITPOINT WARNING * * *
The black mamba completely misses you. The black mamba bites you.
* * * LOW HITPOINT WARNING * * *
The black mamba misses you.
Okay, then.
Blink to where?
Press: ? - help, Dir - move target
As you read the scroll of blinking, it crumbles to dust.
This staircase leads to a travel-excluded area!
Enter next level anyway? [Y]es or [N]o only, please.
Enter next level anyway?
The black mamba bites you!
You die...

.....#........#..................
..#.#.....#..[.##................
..#......#.##...#................
....8...#...#...##........รท......
.....###.........................
..##+#.......#...#.Y....Y........
.............##...Y..............
..P..##.###.##...S#..###._....###
...##.### ..###.@.#####..>..#.# #
##.#### #### #...# #.....### ###
##### ##..#.# ######


You could see a death yak, a black mamba (corona) and a yak.

Vanquished Creatures
  Harold (D:9)
  2 hydras
  A catoblepas (Lair:6)
  A two-headed ogre (D:9)
  3 death yaks (Lair:6)
  4 elephants (Lair:2)
  An ugly thing (D:11)
  Maurice (D:9)
  3 merfolk sirens (Lair:2)
  A torpor snail (Lair:6)
  7 black mambas
  7 cane toads
  Maggie (D:6)
  4 rime drakes
  7 komodo dragons
  Grinder (D:4)
  A merfolk (Lair:2)
  23 blink frogs
  3 dream sheep (Lair:6)
  4 redbacks (Lair:2)
  2 wraiths
  27 yaks
  2 wyverns
  2 steam dragons
  9 water moccasins
  6 orc warriors
  A hornet zombie (D:9)
  4 sky beasts
  4 black bears
  4 ice beasts
  2 necrophages
  10 ogres
  17 wolves
  A phantom (D:7)
  4 centaurs
  A kobold brigand (D:9)
  16 bullfrogs
  A water moccasin zombie (D:8)
  5 scorpions
  A killer bee (D:8)
  4 wights (D:9)
  4 electric eels
  Crazy Yiuf (D:5)
  3 bullfrog zombies
  A centaur skeleton (D:4)
  A human zombie (D:9)
  6 hounds
  3 jellies
  2 bullfrog skeletons
  7 orc priests
  Jessica (D:3)
  3 iguanas
  8 orc wizards
  8 worker ants
  3 killer bee zombies
  2 hound zombies
  A hound skeleton (D:8)
  4 mummies
  3 worker ant zombies
  12 adders
  4 gnolls (D:4)
  A shadow imp (D:5)
  5 white imps
  3 ufetubi
  2 oozes
  3 adder skeletons
  2 adder zombies
  2 worms
  4 dart slugs
  7 leopard geckos
  45 orcs
  9 bats
  A giant cockroach (D:8)
  11 goblins
  9 hobgoblins
  6 jackals
  5 quokkas
  4 ball pythons
  6 frilled lizards
  A gnoll zombie (Ossuary)
  2 goblin zombies (Ossuary)
  A hobgoblin zombie (Ossuary)
  2 jackal skeletons
  17 kobolds
  4 kobold zombies (Ossuary)
  2 leopard gecko skeletons
  A quokka skeleton (D:5)
  A quokka zombie (D:9)
  8 rats
440 creatures vanquished.

Vanquished Creatures (others)
  2 electric eels (D:8)
  An orc wizard (D:6)
  A bat (D:8)
  23 fungi
  31 plants
  A withered plant (D:9)
59 creatures vanquished.

Grand Total: 499 creatures vanquished

Notes
Turn   | Place    | Note
-------+----------+-------------------------------------------
     0 | D:1      | kae the Draconian Transmuter began the quest for the Orb.
     0 | D:1      | Reached XP level 1. HP: 16/16 MP: 3/3
   125 | D:1      | Reached XP level 2. HP: 21/23 MP: 3/5
  1139 | D:1      | Reached XP level 3. HP: 20/28 MP: 4/6
  1143 | D:1      | Learned a level 3 spell: Spider Form
  1523 | D:2      | Found an iron altar of Okawaru.
  2169 | D:2      | Reached skill level 1 in Poison Magic
  2552 | D:2      | Found a burning altar of Makhleb.
  2558 | D:2      | Reached XP level 4. HP: 36/36 MP: 5/7
  2892 | D:3      | Found a runed translucent gate.
  2892 | D:3      | Found a runed translucent gate.
  2892 | D:3      | Found a runed translucent gate.
  2928 | D:3      | Reached XP level 5. HP: 41/41 MP: 8/8
  3186 | D:3      | Noticed Jessica
  3193 | D:3      | Killed Jessica
  3251 | D:3      | Found a glowing silver altar of Zin.
  3350 | D:3      | Found an ancient bone altar of Kikubaaqudgha.
  3474 | D:3      | Noticed Inkie's ghost (weakling GnWn)
  3514 | D:3      | Found a broken altar of Ashenzari.
  3514 | D:3      | Found a hazy altar of Hepliaklqana.
  3724 | D:4      | Found a white marble altar of Elyvilon.
  3810 | D:4      | Reached XP level 6. HP: 43/50 MP: 10/10
  3816 | D:4      | Learned a level 4 spell: Ice Form
  3876 | D:4      | Found a snail-covered altar of Cheibriados.
  4163 | D:4      | Found a runed translucent door.
  4164 | D:4      | Noticed PeterLawrence's ghost (amateur MiFi)
  4311 | D:4      | Noticed Grinder
  4325 | D:4      | Paralysed by Grinder for 7 turns
  4561 | D:4      | Paralysed by Grinder for 7 turns
  4587 | D:4      | Killed Grinder
  4588 | D:4      | Reached skill level 5 in Unarmed Combat
  4588 | D:4      | Reached skill level 1 in Ice Magic
  4588 | D:4      | Your scales start taking on a lurid green colour.
  4588 | D:4      | Reached XP level 7. HP: 12/57 MP: 7/11
  4588 | D:4      | Gained mutation: Your system is resistant to poisons.
                  | (rPois) [Green Draconian growth]
  4998 | D:5      | Entered Level 5 of the Dungeon
  5567 | D:5      | Reached XP level 8. HP: 46/63 MP: 10/13
  5956 | D:5      | Found a runed translucent door.
  5957 | D:5      | Noticed Crazy Yiuf
  6520 | D:5      | Killed Crazy Yiuf
  6617 | D:5      | Reached skill level 5 in Transmutations
  6903 | D:6      | Noticed Maggie
  6926 | D:6      | Killed Maggie
  7022 | D:6      | Reached XP level 9. HP: 69/72 MP: 12/15
  7370 | D:6      | Found a staircase to the Ecumenical Temple.
  7486 | Temple   | Entered the Ecumenical Temple
  7738 | D:6      | Found an ornate altar of the Wu Jian Council.
  7840 | D:6      | Found a bloodstained altar of Trog.
  7972 | D:6      | Reached skill level 5 in Ice Magic
  8102 | D:6      | Found a shadowy altar of Dithmenos.
  8554 | D:7      | Found a sand-covered staircase.
  8559 | Ossuary  | Entered an ossuary
  9452 | D:7      | Reached skill level 5 in Fighting
  9680 | D:7      | Found the amulet of the Four Winds {rN+ Will+++ Clar}
 10181 | D:7      | Reached skill level 5 in Dodging
 10204 | D:7      | Found a sparkling altar of Nemelex Xobeh.
 10365 | D:8      | Reached skill level 5 in Spellcasting
 10693 | D:8      | Reached XP level 10. HP: 57/81 MP: 10/17
 11781 | D:8      | Found a radiant altar of Vehumet.
 12636 | D:8      | Found a sacrificial altar of Ru.
 12640 | D:8      | Became a worshipper of Ru the Awakened
 13064 | D:9      | Found a sparkling altar of Nemelex Xobeh.
 13396 | D:9      | Found a runed translucent door.
 13398 | D:9      | Found a basalt altar of Yredelemnul.
 13497 | D:9      | Noticed Maurice
 13507 | D:9      | Killed Maurice
 13564 | D:9      | Found a staircase to the Lair.
 14128 | D:9      | Noticed Harold
 14130 | D:9      | Noticed a two-headed ogre
 14137 | D:9      | Killed a two-headed ogre
 14384 | D:9      | Killed Harold
 14385 | D:9      | Reached XP level 11. HP: 79/91 MP: 15/20
 14815 | D:10     | Entered Level 10 of the Dungeon
 14822 | D:10     | Learned a level 5 spell: Blade Hands
 15400 | D:10     | Found a stormy altar of Qazlal.
 15490 | D:10     | Found a radiant altar of Vehumet.
 16506 | D:11     | Noticed a brown ugly thing
 16517 | D:11     | Killed a brown ugly thing
 16859 | Lair:1   | Entered Level 1 of the Lair of Beasts
 17033 | Lair:1   | Noticed a five-headed hydra
 17969 | Lair:2   | Reached skill level 10 in Unarmed Combat
 18191 | Lair:2   | Found a hole to the Spider Nest.
 18496 | Lair:2   | Found a staircase to the Shoals.
 18880 | Lair:2   | Noticed an oklob plant
 19027 | Lair:2   | Reached skill level 10 in Transmutations
 19043 | Lair:2   | Reached XP level 12. HP: 57/101 MP: 15/22
 20491 | Lair:3   | Noticed an eight-headed hydra
 20516 | Lair:3   | Killed a ten-headed hydra
 22524 | Lair:4   | Gained mutation: You are hated by all. [Ru sacrifice]
 22524 | Lair:4   | Reached * piety under Ru
 22929 | Lair:5   | Found a runed translucent door.
 22931 | Lair:5   | Noticed Seod's ghost (journeyman FoAK)
 22932 | Lair:5   | Identified the +9 trident of Guhiosuk {drain, rC+ Stlth+}
 23489 | Lair:5   | Noticed a five-headed hydra
 23496 | Lair:5   | Killed a five-headed hydra
 23497 | Lair:5   | Reached XP level 13. HP: 111/111 MP: 19/24
 23944 | Lair:6   | Entered Level 6 of the Lair of Beasts
 25231 | Lair:6   | Found a viscous altar of Jiyva.
 25231 | Lair:6   | Found a staircase to the Slime Pits.
 25251 | Lair:6   | Gained mutation: You cannot be stealthy. [Ru sacrifice]
 25251 | Lair:6   | Reached ** piety under Ru
 25532 | Lair:6   | HP: 5/111 [black mamba (7)]
 25534 | Lair:6   | HP: 2/111 [black mamba (3)]
 25536 | Lair:6   | Mangled by a black mamba

Illustrated notes

Levels and vault maps discovered:
D:1:      lightli_iron_boxes, layout_loops_ring
D:2:      layout_basic, makhleb_heckhound_becter, okawaru_ov_weapons_minmay
D:3:      layout_rooms, general_overflow_altar, lemuel_doored_altar,
          gammafunk_temple_overflow_pools, gammafunk_ghost_icy, uniq_jessica
D:4:      layout_basic, kennysheep_slug_shrine, elyvilon_altar_1,
          gammafunk_ghost_grave, grunt_ministairs_7, uniq_grinder
D:5:      layout_basic, uniq_crazy_yiuf_cottage
D:6:      minmay_skewed_foursquare, layout_cave_pools,
          lemuel_coloured_pillars_altar, kennysheep_mini_moat,
          nicolae_dithmenos_through_a_glass_darkly,
          minmay_temple_entry_crystal_x, serial_column_ruins, column_ruins_hut,
          column_ruins_hut, column_ruins_grid_1, column_ruins_columns_straight,
          column_ruins_columns_straight, minmay_manual_mullet, uniq_maggie
D:7:      minmay_clustersquares, layout_basic, enter_ossuary_5,
          nemelex_dance_club_becter
D:8:      layout_basic, marbit_many_paths, vehumet_statue, special_room
          [special_room_orc], kennysheep_boxes
D:9:      layout_loops_cross, nemelex_xobeh_ov_fountains_minmay,
          dpeg_oklobed_lair, serial_undead, serial_undead_f, serial_undead_c,
          serial_undead_c, serial_undead_d, serial_undead_c, serial_undead_d,
          dk_yredelemnul_ordeal, uniq_maurice, uniq_harold
D:10:     layout_gridville, basic_altar, nicolae_qazlal_style_of_elements
D:11:     layout_roguey
Temple:   dpeg_three_leaves_temple
Lair:1:   layout_chaotic_city, infiniplex_staircase_pool_2, grunt_megastairs_1
Lair:2:   minmay_lair_oklob_tunnel, layout_gridlike, elwin_shoals_entry_stream,
          spider_nest_entry_funnel_web, serial_bayou_shore_a, grunt_megastairs_5
Lair:3:   layout_long_grid, chequers_serial_rivers_large_a
Lair:4:   layout_layer_cave, lemuel_fruit_fields
Lair:5:   layout_long_grid, ebering_ghost_funeral_grove, st_stairs_3,
          lemuel_fruit_fields
Lair:6:   evil_forest, layout_big_grid, slime_altar_1, grunt_megastairs_4

Skill      XL: |  1  2  3  4  5  6  7  8  9 10 11 12 13 |
---------------+----------------------------------------+-----
Dodging        | 2 3 4 5 6 7 8 |  8.3
Poison Magic   | 1 2 |  2.4
Fighting       | 2 3 4 5 6 7 9 |  9.6
Unarmed Combat | 4 5 6 7 9 10 11 12 | 12.4
Transmutations | 3 4 5 7 8 10 11 12 | 12.0
Spellcasting   | 3 4 5 6 7 8 |  8.3
Ice Magic      | 1 3 4 5 |  5.0

Action                   |  1- 3 |  4- 6 |  7- 9 | 10-12 | 13-15 || total
-------------------------+-------+-------+-------+-------+-------++-------
Melee: Unarmed           |   132 |   174 |   423 |   611 |   120 ||  1460
       Kick              |    18 |    22 |       |       |       ||    40
       Tailslap          |     9 |    18 |    15 |    29 |    14 ||    85
       Headbutt          |     7 |    20 |       |       |       ||    27
       Punch             |     1 |     3 |     2 |     5 |    10 ||    21
 Cast: Beastly Appendage |    29 |    23 |       |       |       ||    52
       Spider Form       |       |     4 |    29 |       |       ||    33
       Ice Form          |       |       |    21 |    56 |     1 ||    78
       Blade Hands       |       |       |       |    31 |    15 ||    46
Invok: Reject Sacrifices |       |       |       |     1 |       ||     1
       Sacrifice Love    |       |       |       |     1 |       ||     1
       Sacrifice Stealth |       |       |       |       |     1 ||     1
 Abil: Breathe Noxious F |       |       |     1 |     4 |     3 ||     8
       End Transformatio |       |       |       |     2 |     2 ||     4
Evoke: Wand              |       |       |     2 |     4 |       ||     6
  Use: Scroll            |     2 |     8 |    12 |    10 |     2 ||    34
       Potion            |       |     1 |       |     1 |       ||     2
 Stab: Sleeping          |     1 |       |       |       |       ||     1
       Confused          |       |       |       |     1 |     1 ||     2
       Paralysed         |       |       |       |     2 |       ||     2
Armor: Skin              |    38 |    35 |    64 |   114 |    24 ||   275
Dodge: Dodged            |    93 |   126 |   369 |   405 |   115 ||  1108

Table legend: (Time is in decaauts)
 A = Elapsed time spent in this place.
 B = Non-inter-level travel time spent in this place.
 C = Inter-level travel time spent in this place.
 D = Time resting spent in this place.
 E = Time spent auto-exploring this place.
 F = Levels seen in this place.
 G = Mean time per level.
                   A        B        C        D        E       F      G
               +--------+--------+--------+--------+--------+-----+--------+
         Total |  25427 |  24882 |    545 |   2835 |  18633 |  19 | 1338.3 |
       Dungeon |  15840 |  15472 |    368 |   1532 |  11501 |  11 | 1440.0 |
        Temple |    174 |    159 |     15 |      0 |    158 |   1 |  174.0 |
          Lair |   8622 |   8462 |    160 |   1303 |   6301 |   6 | 1437.0 |
       Ossuary |    789 |    789 |      0 |      0 |    673 |   1 |  789.0 |
               +--------+--------+--------+--------+--------+-----+--------+

Top non-repeatable levels by time:
     D:8: 2261 daAuts
  Lair:4: 2095 daAuts
  Lair:2: 1967 daAuts
     D:5: 1735 daAuts
     D:9: 1716 daAuts
  Lair:3: 1656 daAuts
     D:7: 1581 daAuts
     D:6: 1574 daAuts
     D:1: 1443 daAuts
  Lair:5: 1410 daAuts
     D:4: 1338 daAuts
     D:2: 1193 daAuts
    D:10: 1072 daAuts
     D:3: 1002 daAuts
    D:11: 921 daAuts
